 Seeded DCSS version 0.26.1-2-gb8aa6d0cf2 (webtiles) character file.

Game seed: 9590131211779451766 (custom seed)

783766 rocky1 the Hoplite (level 27, -1/186 (189) HPs)
             Began as a Gargoyle Fighter on Mar 23, 2021.
             Was the Champion of Zin.
             Killed from afar by an ancient lich (27 damage)
             ... with a bolt of cold
             ... on level 2 of the Tomb of the Ancients on Mar 24, 2021.
             The game lasted 06:18:52 (92489 turns).

rocky1 the Hoplite (Gargoyle Fighter)              Turns: 92489, Time: 06:18:54

HP:   -1/186 (189)  AC: 61    Str: 39    XL:     27
MP:   0/32          EV: 23    Int: 14    God:    Zin [******]
Gold: 546           SH: 42    Dex: 18    Spells: 26/26 levels left

rFire    + + +     SeeInvis +   n - +8 trishula (holy)
rCold    + + .     Faith    .   d - +8 tower shield "Ynuwoiffe" {SInv}
rNeg     + + .     Spirit   +   e - +10 plate armour {rC+}
rPois    ∞         Reflect  +   Z - +2 hat of the Bear Spirit {Spirit, +Rage rN+ Will++}
rElec    +         Harm     .   W - scarf {repulsion}
rCorr    +         Rampage  .   H - +3 pair of gauntlets of War {Slay+5}
Will     ++++.                  s - +1 pair of boots "Fauhoar" {*Slow rCorr Dex+2}
Stlth    ..........             B - amulet of Byidagus {Reflect rF+++ Str+6 SH+5}
HPRegen  0.41/turn              z - ring of protection from cold
MPRegen  0.23/turn              m - +4 ring of slaying

@: mighty, vitalised, flying, very slightly contaminated, lightly drained, repel
missiles
A: big wings, beak, mutation resistance 1, negative energy resistance 1,
electricity resistance, unbreathing, petrification resistance, miasma immunity,
AC +20
}: 4/15 runes: serpentine, barnacled, silver, abyssal
a: Stop Flying, Renounce Religion, Evoke Berserk Rage, Recite, Vitalisation,
Imprison, Sanctuary, Donate Gold


You were on level 2 of the Tomb of the Ancients.
You worshipped Zin.
Zin was exalted by your worship.
You visited 12 branches of the dungeon, and saw 55 of its levels.
You visited the Abyss 2 times.
You visited 2 bazaars.
You also visited: Sewer, Bailey, Gauntlet, Ice Cave and Wizlab.

You collected 9997 gold pieces.
You spent 6880 gold pieces at shops.
You donated 2571 gold pieces to Zin.

Inventory:

Hand Weapons
 a - a +9 morningstar of electrocution
 b - a +9 hand crossbow of flaming
 n - a +8 trishula of holy wrath (weapon)
 u - the +6 morningstar of the Queen {drain, *Drain rElec rF+ Will+, unknown}
   (You found it on level 3 of the Abyss)

   A truly terrible weapon, it drains the life of those it strikes.
   It protects you from fire.
   It insulates you from electricity.
   It affects your willpower, your defense against some magical effects.
   It causes draining when unequipped.
   Zin disapproves of the use of such an item.
 E - the +18 lance "Wyrmbane" {slay drac, rPois rF+ rC+ AC+3}
   (You found it on level 5 of the Vaults)

   It affects your AC (+3).
   It protects you from fire.
   It protects you from cold.
   It protects you from poison.
Missiles
 N - 2604 bolts
Armour
 d - the +8 tower shield "Ynuwoiffe" (worn) {SInv}
   (Okawaru gifted it to you on level 2 of the Snake Pit)

   It lets you see invisible.
 e - a +10 plate armour of cold resistance (worn)
 r - the +2 hat of the Sacrificial Victim {Rampage +Fly rCorr SInv, unknown}
   (You found it on level 2 of the Abyss)

   It lets you see invisible.
   It lets you fly.
   It provides partial protection from all sources of acid and corrosion.
   It bestows one free step when moving towards enemies.
 s - the +1 pair of boots "Fauhoar" (worn) {*Slow rCorr Dex+2}
   (Okawaru gifted it to you on level 5 of the Vaults)

   It affects your dexterity (+2).
   It provides partial protection from all sources of acid and corrosion.
   It may slow you when you take damage.
 t - the +9 pearl dragon scales of Idealism {rC- rN+ Regen+ Int+2, unknown}
   (You found it on level 2 of the Abyss)

   It affects your intelligence (+2).
   It makes you vulnerable to cold.
   It protects you from negative energy.
   It increases your rate of regeneration.
 x - the +4 kite shield of Duj Exua {Rampage Regen+ Dex-2}
   (Okawaru gifted it to you on level 5 of the Depths)

   It affects your dexterity (-2).
   It increases your rate of regeneration.
   It bestows one free step when moving towards enemies.
 C - a +0 kite shield of cold resistance
 H - the +3 pair of gauntlets of War (worn) {Slay+5}
   (Okawaru gifted it to you on level 3 of the Elven Halls)

   It affects your accuracy and damage with ranged weapons and melee attacks
   (+5).
 W - a scarf of repulsion (worn)
 Z - the +2 hat of the Bear Spirit (worn) {Spirit, +Rage rN+ Will++}
   (You bought it in a shop in a bazaar)

   It protects you from negative energy.
   It affects your willpower, your defense against some magical effects.
   It lets you go berserk.
Jewellery
 m - a +4 ring of slaying (right hand)
 o - the ring "Efiewod" {rN+ Will++ Str+4}
   (You took it off a deep elf sorcerer on level 3 of the Elven Halls)

   [ring of positive energy]

   It affects your strength (+4).
   It protects you from negative energy.
   It affects your willpower, your defense against some magical effects.
 z - a ring of protection from cold (left hand)
 B - the amulet of Byidagus (around neck) {Reflect rF+++ Str+6 SH+5}
   (You found it on level 5 of the Vaults)

   [amulet of reflection]

   It shields you and reflects attacks.
   It affects your strength (+6).
   It renders you almost immune to fire.
   It affects your SH (+5).
Wands
 h - a wand of digging (9)
 v - a wand of disintegration (62)
 R - a wand of paralysis (30)
Scrolls
 f - 14 scrolls of fog
 g - 2 scrolls of summoning
 k - 12 scrolls of fear
 q - 6 scrolls of magic mapping
 y - 26 scrolls of teleportation
 S - a scroll of silence
Potions
 c - 3 potions of berserk rage
 l - 8 potions of curing
 w - 3 potions of resistance
 G - 6 potions of haste
 J - 5 potions of invisibility
 L - 3 potions of might
Miscellaneous
 M - a phial of floods (inert)
 P - a phantom mirror
 T - a lightning rod (4/4)


   Skills:
 + Level 23.8 Fighting
 - Level 9.0(15.0) Axes
 - Level 16.0(16.8) Maces & Flails
 - Level 13.0(14.0) Polearms
 - Level 12.0 Crossbows
 + Level 23.1 Armour
 + Level 18.7 Dodging
 + Level 24.3 Shields
 + Level 12.0 Invocations
 - Level 19.0 Evocations


You had 26 spell levels left.
You didn't know any spells.
Your spell library contained the following spells:

 Spells                   Type           Power        Failure   Level
 Animate Skeleton         Necr           0%           63%         1
 Apportation              Tloc           0%           63%         1
 Beastly Appendage        Tmut           0%           63%         1
 Corona                   Hex            0%           63%         1
 Foxfire                  Conj/Fire      0%           63%         1
 Freeze                   Ice            0%           63%         1
 Magic Dart               Conj           0%           63%         1
 Pain                     Necr           0%           63%         1
 Sandblast                Erth           0%           63%         1
 Shock                    Conj/Air       0%           63%         1
 Sting                    Tmut/Pois      0%           63%         1
 Summon Small Mammal      Summ           0%           63%         1
 Blink                    Tloc           N/A          77%         2
 Call Imp                 Summ           0%           77%         2
 Corpse Rot               Necr/Air       N/A          77%         2
 Ensorcelled Hibernation  Hex/Ice        0%           77%         2
 Passwall                 Tmut/Erth      0%           77%         2
 Poisonous Vapours        Pois/Air       0%           77%         2
 Searing Ray              Conj           0%           77%         2
 Slow                     Hex            0%           77%         2
 Wereblood                Tmut           0%           77%         2
 Call Canine Familiar     Summ           0%           94%         3
 Confusing Touch          Hex            0%           94%         3
 Conjure Flame            Conj/Fire      0%           94%         3
 Dazzling Flash           Conj/Hex       0%           94%         3
 Frozen Ramparts          Ice            0%           94%         3
 Gell's Gravitas          Tloc           0%           94%         3
 Ignite Poison            Fire/Tmut/Pois 0%           94%         3
 Inner Flame              Hex/Fire       0%           94%         3
 Lesser Beckoning         Tloc           0%           94%         3
 Mephitic Cloud           Conj/Pois/Air  0%           94%         3
 Ozocubu's Armour         Ice            0%           94%         3
 Portal Projectile        Hex/Tloc       0%           94%         3
 Spider Form              Tmut/Pois      0%           94%         3
 Stone Arrow              Conj/Erth      0%           94%         3
 Summon Guardian Golem    Hex/Summ       0%           94%         3
 Teleport Other           Tloc           0%           94%         3
 Tukima's Dance           Hex            0%           94%         3
 Vampiric Draining        Necr           0%           94%         3
 Animate Dead             Necr           0%           100%        4
 Cause Fear               Hex            0%           100%        4
 Dispel Undead            Necr           0%           100%        4
 Fulminant Prism          Conj/Hex       0%           100%        4
 Hailstorm                Conj/Ice       0%           100%        4
 Ice Form                 Ice/Tmut       0%           100%        4
 Iskenderun's Mystic Bla  Conj/Tloc      0%           100%        4
 Leda's Liquefaction      Hex/Erth       0%           100%        4
 Olgreb's Toxic Radiance  Pois           0%           100%        4
 Passage of Golubria      Tloc           N/A          100%        4
 Petrify                  Tmut/Erth      0%           100%        4
 Sticky Flame             Conj/Fire      0%           100%        4
 Summon Ice Beast         Ice/Summ       0%           100%        4
 Summon Lightning Spire   Summ/Air       0%           100%        4
 Agony                    Necr           0%           100%        5
 Alistair's Intoxication  Tmut/Pois      0%           100%        5
 Blade Hands              Tmut           0%           100%        5
 Borgnjor's Vile Clutch   Necr/Erth      0%           100%        5
 Excruciating Wounds      Necr           0%           100%        5
 Fireball                 Conj/Fire      0%           100%        5
 Irradiate                Conj/Tmut      0%           100%        5
 Iskenderun's Battlesphe  Conj           0%           100%        5
 Lee's Rapid Deconstruct  Erth           0%           100%        5
 Metabolic Englaciation   Hex/Ice        0%           100%        5
 Silence                  Hex/Air        0%           100%        5
 Summon Demon             Summ           0%           100%        5
 Yara's Violent Unravell  Hex/Tmut       0%           100%        5
 Conjure Ball Lightning   Conj/Air       0%           100%        6
 Death Channel            Necr           0%           100%        6
 Freezing Cloud           Conj/Ice/Air   0%           100%        6
 Hydra Form               Tmut           0%           100%        6
 Invisibility             Hex            0%           100%        6
 Ozocubu's Refrigeration  Ice            0%           100%        6
 Shadow Creatures         Summ           N/A          100%        6
 Simulacrum               Ice/Necr       0%           100%        6
 Starburst                Conj/Fire      0%           100%        6
 Dragon Form              Tmut           0%           100%        7
 Haunt                    Necr/Summ      0%           100%        7
 Spellforged Servitor     Conj/Summ      0%           100%        7
 Borgnjor's Revivificati  Necr           0%           100%        8
 Discord                  Hex            0%           100%        8
 Ignition                 Fire           0%           100%        8
 Infestation              Necr           0%           100%        8
 Necromutation            Tmut/Necr      0%           100%        8
 Death's Door             Necr           0%           100%        9
 Sublimation of Blood     Necr           Unusable     N/A         2
 Statue Form              Tmut/Erth      Unusable     N/A         6

Dungeon Overview and Level Annotations

Branches:
Dungeon (15/15)            Temple (1/1) D:6            Lair (6/6) D:8
 Shoals (4/4) Lair:2        Snake (4/4) Lair:4        Slime (0/5) Lair:6
    Orc (2/2) D:9             Elf (3/3) Orc:2        Vaults (5/5) D:14
  Crypt (3/3) Vaults:3       Tomb (2/3) Crypt:3      Depths (5/5) D:15
    Zot (5/5) Depths:5      Sewer (visited)          Bailey (visited)
  IceCv (visited)          WizLab (visited)         Gauntlet (visited)

Altars:
Ashenzari
Cheibriados
Dithmenos
Elyvilon
Fedhas
Gozag
Hepliaklqana
Kikubaaqudgha
Makhleb
Nemelex Xobeh
Okawaru
Qazlal
Ru
Sif Muna
Trog
Uskayaw
Vehumet
Wu Jian
Xom
Yredelemnul
Zin
The Shining One
Beogh
Jiyva

Shops:
D:5 (   D:9 (   D:10 :   D:12 =   Orc:1 *   Orc:2 :*([   Elf:1 :   Snake:1 :
Snake:3 [   Vaults:1 *   Vaults:2 *   Vaults:4 }   Vaults:5 ![?

Portals:
Hell: Lair:6 Depths:1 Depths:2 Depths:3 Depths:4 Depths:5
Abyss: Depths:2 Depths:4
Pandemonium: Depths:3
Ziggurat: Depths:3

Annotations:
D:6 1 runed translucent door


Innate Abilities, Weirdness & Mutations

You are resistant to torment.
Your stone body is resilient. (AC +20)
You are immune to poison.
Your large and strong wings let you fly indefinitely.
You resist negative energy. (rN+)
You are resistant to electric shocks. (rElec)
You can survive without breathing.
You are immune to petrification.
You are immune to miasma.
You have a beak for a mouth.
You are somewhat resistant to further mutation.


Message History

* * * LOW HITPOINT WARNING * * *
Unknown command.
You feel better. "...preserved in their purity for all the days to come."
The necrophage is blasted by Zin's holy word!
You destroy the necrophage!
The necrophage's corpse disappears in a puff of smoke!
The frost giant zombie is smitten by the wrath of Zin.
The frost giant zombie is lightly damaged.
You finish reciting Abominations 21:53.
You block the freezing wraith's attack. The freezing wraith misses you.
The phantasmal warrior barely misses the guardian mummy.
Unknown command.
You closely miss the ancient lich. You peck the ancient lich!
The ancient lich is lightly damaged.
You block the freezing wraith's attack. The freezing wraith misses you.
You block the necrophage's attack.
The ancient lich points at you and mumbles some strange words.
The bolt of cold hits you!! You resist.
You die...

#.........
b...BB.#
... #.BM#
..Z
####BBMM#
BM ######
...BBB4M.#
ZB#)^..#
..MBBBZ...#
S#.W..#


.ZWZB4...MMZVZ§MM§^^# ..WBM.M.M§1§§z.#Ln..# ...Z..M.§##MzBM#@WZ.# ...Z....§WV4§§
#.^^^# .M...... §MM.M ###'## ........ Z##M .^# ......... #. ..# ####...M# .#
####...# # bB...§.## #........ You could see a royal mummy, an ancient lich, a
mummy priest (corona), a phantasmal warrior (summoned, confused), a mana viper
(summoned, drained), a guardian mummy (corona), a freezing wraith (summoned,
corona), 2 death scarabs, a necrophage (summoned, corona), a golden dragon
simulacrum (summoned), a frost giant zombie and a harpy skeleton (corona).

Vanquished Creatures
  6 orbs of fire (Zot:5)
  Mara (Vaults:3)
  2 ancient liches
  Sojobo (Vaults:2)
  Mennas (Vaults:2)
  A juggernaut (Depths:5)
  4 royal mummies
  Margery (Depths:3)
  4 Killer Klowns
  Xtahua (Depths:5)
  5 curse toes
  6 golden dragons
  A caustic shrike (Depths:4)
  Jory (Vaults:2)
  Nikola (Shoals:1)
  Vashnia (Snake:3)
  A mutant beast (WizLab)
  5 bone dragons
  2 profane servitors (Crypt:3)
  A Brimstone Fiend (Depths:3)
  3 electric golems
  Rupert (D:15)
  25 Orb Guardians (Zot:5)
  9 liches
  16 tentacled monstrosities
  9 deep elf blademasters
  3 deep elf master archers
  Asterion (Snake:3)
  12 titans
  Polyphemus (Shoals:2)
  11 quicksilver dragons
  4 tentacled starspawn
  14 sphinxes
  15 death cobs
  14 shadow dragons
  5 ancient champions
  16 storm dragons
  17 nagarajas
  3 revenants
  Agnes (Snake:1)
  13 tengu reavers
  10 draconian monks
  23 frost giants
  11 deep elf sorcerers
  22 fire giants
  22 vault wardens
  5 ghost moths
  2 iron dragons
  Aizul (Shoals:4)
  An orc warlord (Orc:2)
  A cacodemon (Abyss:2)
  8 draconian knights
  4 draconian scorchers
  A caustic shrike zombie (Depths:1)
  12 ironheart preservers
  Louise (D:15)
  4 curse skulls
  3 draconian stormcallers
  7 deep elf elementalists
  A spriggan defender (Depths:3)
  10 draconian shifters
  4 draconian annihilators
  A juggernaut skeleton (Depths:3)
  26 stone giants
  13 ghouls
  29 very ugly things
  A caustic shrike skeleton (Crypt:1)
  4 war gargoyles
  11 vampire knights
  6 bennus (Tomb:2)
  Nessos (D:15)
  10 deep elf demonologists
  12 deep elf annihilators
  14 black draconians
  15 red draconians
  9 yellow draconians
  14 white draconians
  3 entropy weavers
  11 spark wasps
  A minotaur (Gauntlet)
  13 green draconians
  A bunyip (shapeshifter) (D:15)
  9 purple draconians
  13 eidola
  9 deep elf death magi
  A green death (Depths:3)
  5 mummy priests (Tomb:1)
  5 merfolk javelineers
  A crystal guardian (Vaults:2)
  16 yaktaur captains
  A blizzard demon (Abyss:3)
  12 great orbs of eyes
  10 jiangshi
  26 ettins
  14 fire dragons
  Erolcha (Orc:1)
  11 deep elf high priests
  Josephine (Orc:1)
  12 merfolk impalers
  Harold (Orc:1)
  3 catoblepae
  Fannar (Orc:1)
  35 vault guards
  22 hydras
  17 naga warriors
  10 rakshasas
  9 boulder beetles
  An alligator snapping turtle (Shoals:4)
  4 spriggan air magi
  11 ice dragons
  11 anacondas
  A hell beast (Lair:6)
  9 centaur warriors
  6 death knights
  3 satyrs
  An alligator (Lair:5)
  3 merfolk aquamancers (Shoals:4)
  6 death yaks
  12 ogre magi
  4 merfolk avatars
  17 death scarabs (Tomb:2)
  8 deep troll earth magi
  A two-headed ogre (shapeshifter) (WizLab)
  34 dancing weapons
  A titan zombie (Crypt:3)
  34 two-headed ogres
  A tengu warrior (Gauntlet)
  10 deep troll shamans
  4 orc high priests
  7 vampire magi
  24 naga sharpshooters
  5 spriggan berserkers
  30 deep elf knights
  Sonja (D:13)
  9 soul eaters
  30 hell knights
  4 thrashing horrors (Abyss:2)
  10 shock serpents
  14 small abominations
  5 wretched stars
  2 spriggans (Depths:4)
  An iron troll (Depths:4)
  2 fire crabs (shapeshifter)
  A shadow wraith (Vaults:1)
  An iron golem (WizLab)
  A sun demon (Depths:3)
  2 salamander mystics (Snake:2)
  24 skeletal warriors
  An anaconda zombie (Crypt:1)
  2 storm dragon skeletons
  22 deep trolls
  20 sea snakes
  2 death drakes (Zot:1)
  An unseen horror (shapeshifter) (Depths:3)
  2 ghost moth zombies (Crypt:3)
  A shadow demon (Abyss:2)
  9 unseen horrors
  14 large abominations
  8 naga ritualists
  An iron giant zombie (Crypt:2)
  6 wizards
  2 bog bodies (Crypt:1)
  13 flayed ghosts
  3 shadow dragon zombies
  2 wolf spider zombies
  6 glowing orange brains
  12 ironbrand convokers
  2 harpies (shapeshifter)
  23 deep elf archers
  A tengu zombie (Depths:1)
  24 phantasmal warriors
  A lindwurm (shapeshifter) (Vaults:1)
  An orb spider (shapeshifter) (WizLab)
  30 harpies
  7 necromancers
  3 orc sorcerers
  81 deep elf magi
  7 orc knights
  2 frost giant zombies
  9 mana vipers
  8 wolf spiders
  85 ugly things
  2 shadow dragon skeletons
  The ghost of noodleboyJ the Covert, a novice FoWn of Ashenzari (D:6)
  A shining eye (shapeshifter) (Depths:3)
  A tengu skeleton (Depths:3)
  5 cyclopes
  5 oklob plants
  8 salamanders
  12 fauns
  A will-o-the-wisp (Abyss:3)
  24 moths of wrath
  2 fire giant zombies
  A stone giant zombie (Crypt:1)
  18 manticores
  An iron dragon zombie (Crypt:3)
  A worldbinder (Abyss:3)
  An elephant (shapeshifter) (Depths:2)
  21 guardian serpents
  A cyclops (shapeshifter) (D:15)
  13 elephants
  A salamander (shapeshifter) (WizLab)
  Maurice (D:8)
  An iron dragon skeleton (Depths:3)
  A sphinx skeleton (Depths:3)
  A water nymph (shapeshifter) (Depths:4)
  11 merfolk sirens
  4 orange demons
  58 black mambas
  A dire elephant zombie (Crypt:3)
  26 naga magi
  3 smoke demons
  5 molten gargoyles (Elf:2)
  Joseph (D:8)
  12 vault sentinels
  6 ice statues
  2 apocalypse crabs
  A torpor snail (Lair:6)
  Psyche (D:9)
  5 water nymphs
  A rust devil (Depths:3)
  A guardian serpent (shapeshifter) (WizLab)
  4 kobold demonologists
  19 cane toads
  4 cane toads (shapeshifter) (WizLab)
  A gargoyle (D:11)
  A spriggan zombie (Depths:3)
  6 rime drakes
  15 komodo dragons
  A komodo dragon (shapeshifter) (WizLab)
  75 yaktaurs
  A red draconian zombie (Crypt:1)
  2 rime drakes (shapeshifter)
  A black draconian zombie (Crypt:1)
  25 freezing wraiths
  A swamp worm zombie (Crypt:2)
  5 ice devils
  A tormentor (Abyss:2)
  4 ancient zymes
  A red devil (Lair:6)
  4 tengu conjurers
  A pale draconian skeleton (Crypt:2)
  A demonic crawler (Lair:2)
  2 jumping spiders (Crypt:3)
  9 trolls
  A meliai (shapeshifter) (WizLab)
  A queen bee (shapeshifter) (WizLab)
  9 guardian mummies
  3 jumping spiders (shapeshifter)
  39 merfolk
  3 harpy zombies (Shoals:1)
  A polar bear (shapeshifter) (D:15)
  A tyrant leech (Gauntlet)
  A meliai (Abyss:3)
  A troll (shapeshifter) (WizLab)
  4 wind drakes
  8 hornets
  11 blink frogs
  45 slime creatures
  2 polar bears
  4 raiju (Abyss:2)
  An ettin zombie (Depths:1)
  A meliai zombie (D:14)
  8 dream sheep
  2 spectral guardian serpents (Crypt:1)
  An alligator zombie (Crypt:3)
  3 flying skulls (Crypt:2)
  8 snapping turtles
  A snapping turtle (shapeshifter) (Vaults:5)
  A shadow (D:11)
  A centaur simulacrum (D:15)
  3 spriggans (shapeshifter) (WizLab)
  3 air elementals
  An ettin skeleton (Crypt:1)
  2 tarantellas (shapeshifter)
  4 dire elephant simulacra (IceCv)
  A fire giant simulacrum (Vaults:2)
  14 redbacks
  15 wraiths
  44 yaks
  A ynoxinul (Abyss:2)
  2 redbacks (shapeshifter)
  11 water elementals
  Sigmund (D:6)
  2 vampires
  A tarantella (Vaults:4)
  A wyvern (shapeshifter) (WizLab)
  A basilisk (shapeshifter) (WizLab)
  4 fire elementals
  6 wyverns
  A steam dragon (Lair:5)
  Grum (D:9)
  4 basilisks
  2 golden eyes (shapeshifter)
  2 humans (shapeshifter) (WizLab)
  6 ushabtiu
  2 chaos spawn
  6 vampire mosquitoes (D:15)
  5 swamp worms
  4 wargs
  5 neqoxecs
  An acid dragon (Vaults:2)
  21 water moccasins
  3 hydra simulacra (IceCv)
  An orb spider zombie (Crypt:1)
  5 hell hounds
  A faun zombie (Crypt:2)
  54 nagas
  A water moccasin (shapeshifter) (WizLab)
  A merfolk skeleton (Crypt:2)
  4 floating eyes (WizLab)
  A cane toad zombie (Crypt:3)
  A deep troll skeleton (Crypt:1)
  3 sky beasts
  46 orc warriors
  13 ice beasts
  A black bear (Lair:5)
  6 phantoms
  2 ettin simulacra (IceCv)
  2 manticore zombies (Shoals:1)
  A black bear (shapeshifter) (WizLab)
  A cane toad skeleton (Crypt:1)
  An eye of draining (shapeshifter) (WizLab)
  A spriggan simulacrum (Depths:1)
  An eye of draining (D:13)
  13 boggarts
  16 necrophages
  29 ogres
  14 centaurs
  6 wolves
  A hog skeleton (Crypt:1)
  Blork the orc (D:6)
  7 big kobolds
  A big kobold (shapeshifter) (WizLab)
  29 bullfrogs
  4 earth elementals
  A wyvern zombie (Crypt:2)
  11 wyvern skeletons
  5 scorpions
  A troll zombie (Crypt:1)
  8 killer bees (D:9)
  2 howler monkeys
  8 wights
  6 electric eels
  16 starcursed masses
  4 bullfrog zombies
  A lava snake (Elf:2)
  A human simulacrum (Vaults:1)
  3 quasits
  A centaur zombie (D:11)
  25 orc priests
  9 hounds
  Crazy Yiuf (D:3)
  An iron imp (Depths:1)
  5 jellies
  3 bullfrog skeletons
  4 centaur skeletons
  27 orc wizards
  A human skeleton (Crypt:2)
  Ijyb (D:3)
  7 worker ants
  An iguana (D:4)
  Terence (D:2)
  A big kobold skeleton (Crypt:2)
  2 hound skeletons
  15 mummies
  3 worker ant zombies
  7 gnolls (D:8)
  A river rat (D:6)
  10 adders
  A shadow imp (D:10)
  3 white imps
  An ooze (D:2)
  An adder skeleton (D:4)
  4 worms
  4 dart slugs
  7 leopard geckos
  119 orcs
  A bat zombie (Shoals:1)
  8 giant cockroaches
  8 goblins
  9 hobgoblins
  14 jackals
  32 kobolds
  9 quokkas
  5 ball pythons
  11 bats
  9 frilled lizards
  A giant cockroach zombie (Crypt:1)
  A jackal skeleton (D:4)
  A kobold zombie (Tomb:1)
  6 rats
  5 crawling corpses
  2 lurking horrors (Abyss:2)
  6 starspawn tentacles
  2 withered plants (Crypt:3)
3116 creatures vanquished.

Vanquished Creatures (others)
  A golden dragon (Vaults:5)
  A deep elf blademaster (D:15)
  A draconian knight (Zot:3)
  A vault warden (Vaults:3)
  A two-headed ogre (Vaults:4)
  A dancing weapon (Elf:2)
  2 deep elf knights
  A shadow wraith (Vaults:1)
  A necromancer (Depths:5)
  A tengu conjurer (Gauntlet)
  4 dream sheep (D:9)
  A water elemental (Shoals:4)
  A naga (Snake:2)
  A small abomination (Abyss:2)
  2 centaurs
  An ogre (Depths:2)
  A bush (Lair:5)
  51 fungi
  2 lurking horrors (Abyss:2)
  A pillar of salt (Tomb:2)
  104 plants
  6 starspawn tentacles (Abyss:2)
  19 withered plants (Crypt:3)
205 creatures vanquished.

Grand Total: 3321 creatures vanquished

Notes
Turn   | Place    | Note
-------+----------+-------------------------------------------
     0 | D:1      | rocky1 the Gargoyle Fighter began the quest for the Orb.
     0 | D:1      | Reached XP level 1. HP: 14/14 MP: 1/1
   133 | D:1      | Reached XP level 2. HP: 14/19 MP: 2/2
   299 | D:1      | Reached skill level 4 in Shields
   395 | D:1      | Reached XP level 3. HP: 14/23 MP: 3/3
  1101 | D:2      | Noticed Terence
  1140 | D:2      | Killed Terence
  1141 | D:2      | Reached XP level 4. HP: 26/28 MP: 4/4
  1420 | D:2      | Found a stormy altar of Qazlal.
  1512 | D:2      | Found a radiant altar of Vehumet.
  1562 | D:2      | Reached skill level 1 in Dodging
  2127 | D:3      | Noticed Ijyb
  2147 | D:3      | Reached XP level 5. HP: 20/33 MP: 5/5
  2180 | D:3      | Killed Ijyb
  2573 | D:3      | Reached XP level 6. HP: 25/38 MP: 6/6
  2856 | D:3      | Found a runed translucent door.
  2857 | D:3      | Noticed Crazy Yiuf
  3228 | D:3      | Reached skill level 10 in Maces & Flails
  3228 | D:3      | Reached skill level 9 in Shields
  3228 | D:3      | Reached XP level 7. HP: 43/43 MP: 7/7
  3229 | D:3      | Reached XP level 8. HP: 48/48 MP: 8/8
  3230 | D:3      | Reached skill level 5 in Fighting
  3230 | D:3      | Reached skill level 5 in Armour
  3230 | D:3      | Reached skill level 10 in Shields
  3230 | D:3      | Reached XP level 9. HP: 55/55 MP: 9/9
  3237 | D:3      | Killed Crazy Yiuf
  3823 | D:4      | Found a transporter.
  3841 | D:4      | Found a transporter.
  3843 | D:4      | Noticed a four-headed hydra
  3846 | D:4      | Found a shimmering altar of Xom.
  3846 | D:4      | Found a broken altar of Ashenzari.
  3847 | D:4      | Found a hide-covered altar of Uskayaw.
  4165 | D:4      | Found an ornate altar of the Wu Jian Council.
  4285 | D:5      | Entered Level 5 of the Dungeon
  4379 | D:5      | Found a burning altar of Makhleb.
  4748 | D:5      | Found Tunk's Weapon Shoppe.
  4767 | D:5      | Bought a +2 morningstar of protection for 201 gold pieces
  4850 | D:6      | Found a glowing drain.
  4882 | Sewer    | Entered a sewer
  5239 | D:6      | Found a runed translucent door.
  5240 | D:6      | Noticed noodleboyJ's ghost (novice FoWn)
  5260 | D:6      | Found a staircase to the Ecumenical Temple.
  5312 | Temple   | Entered the Ecumenical Temple
  5372 | Temple   | Became a worshipper of Warmaster Okawaru
  5743 | D:6      | Found a runed translucent door.
  5758 | D:6      | Noticed Sigmund
  5766 | D:6      | Killed Sigmund
  5812 | D:6      | Reached skill level 1 in Invocations
  5934 | D:6      | Noticed Blork the orc
  5940 | D:6      | Killed Blork the orc
  5941 | D:6      | Reached XP level 10. HP: 60/60 MP: 10/10
  6002 | D:6      | Killed noodleboyJ's ghost
  6616 | D:7      | Reached * piety under Okawaru
  6790 | D:7      | Found a flagged portal.
  6799 | Bailey   | Entered a bailey
  6979 | Bailey   | Got an iridescent broad axe
  6987 | Bailey   | Identified the +8 broad axe of Cinapo {freeze, *Rage
                  | Will+++ Dex+5} (You found it in a bailey)
  6992 | Bailey   | Found the +8 Wrath of Trog {antimagic, *Rage}
  7049 | Bailey   | Found a bloodstained altar of Trog.
  7552 | D:8      | Found a blossoming altar of Fedhas.
  7552 | D:8      | Found an ancient bone altar of Kikubaaqudgha.
  7578 | D:8      | Reached ** piety under Okawaru
  7820 | D:8      | Found a staircase to the Lair.
  7821 | D:8      | Noticed a two-headed ogre
  7852 | D:8      | Killed a two-headed ogre
  7854 | D:8      | Reached XP level 11. HP: 33/67 MP: 9/13
  8081 | D:8      | Noticed Maurice
  8086 | D:8      | Killed Maurice
  8086 | D:8      | Reached *** piety under Okawaru
  8373 | D:8      | Found a glowing silver altar of Zin.
  8380 | D:8      | Noticed Joseph
  8551 | D:9      | Reached skill level 11 in Shields
  8583 | D:9      | Found a shimmering altar of Xom.
  8815 | D:9      | Noticed Grum
  8842 | D:9      | Reached **** piety under Okawaru
  8857 | D:9      | Killed Grum
  8966 | D:9      | Found a staircase to the Orcish Mines.
  9079 | D:9      | Found Nasonuy's Weapon Emporium.
  9164 | D:9      | Noticed Psyche
  9169 | D:9      | Killed Psyche
  9286 | D:9      | Found a roughly hewn altar of Beogh.
  9561 | D:9      | Found a shimmering blue altar of Sif Muna.
  9758 | D:10     | Entered Level 10 of the Dungeon
  9973 | D:10     | Found Galyse's Book Shoppe.
 11114 | D:11     | Noticed a purple ugly thing
 11127 | D:11     | Killed a purple ugly thing
 11248 | D:11     | Noticed a green ugly thing
 11257 | D:11     | Killed a green ugly thing
 11258 | D:11     | Reached skill level 5 in Invocations
 11426 | D:11     | Reached ***** piety under Okawaru
 11648 | D:11     | Reached XP level 12. HP: 66/73 MP: 15/15
 12647 | D:12     | Noticed a two-headed ogre
 12658 | D:12     | Killed a two-headed ogre
 12761 | D:12     | Found Oxon Lio's Jewellery Emporium.
 13176 | D:12     | Noticed a centaur warrior
 13183 | D:12     | Killed a centaur warrior
 13183 | D:12     | Received a gift from Okawaru
 13186 | D:12     | Got a pair of faintly humming gloves {god gift}
 13192 | D:12     | Identified the +1 pair of gloves "Seer" {rPois rF- rN+
                  | Dex+2} (Okawaru gifted it to you on level 12 of the
                  | Dungeon)
 13681 | D:13     | Noticed Sonja
 13719 | D:13     | Killed Sonja
 13728 | D:13     | Noticed a two-headed ogre
 13738 | D:13     | Killed a two-headed ogre
 14222 | D:13     | Reached skill level 5 in Dodging
 14235 | D:13     | Reached skill level 12 in Shields
 14623 | D:13     | Reached XP level 13. HP: 71/80 MP: 17/17
 14686 | D:13     | Reached skill level 15 in Maces & Flails
 15468 | D:14     | Got an ancient ring mail
 15470 | D:14     | Identified the +0 ring mail of the Trees {Will+++ Dex-3
                  | SInv Stlth+} (You found it on level 14 of the Dungeon)
 15522 | D:14     | Found a gate to the Vaults.
 15522 | D:14     | Noticed a vault guard
 15522 | D:14     | Noticed a vault guard
 15522 | D:14     | Noticed a vault guard
 15522 | D:14     | Noticed a vault guard
 15522 | D:14     | Noticed a vault guard
 15522 | D:14     | Noticed a vault guard
 15522 | D:14     | Noticed a vault guard
 15534 | D:14     | Noticed a vault guard
 15539 | D:14     | Killed a vault guard
 15543 | D:14     | Killed a vault guard
 15543 | D:14     | Reached ****** piety under Okawaru
 15546 | D:14     | Killed a vault guard
 15553 | D:14     | Killed a vault guard
 15557 | D:14     | Killed a vault guard
 15564 | D:14     | Killed a vault guard
 15564 | D:14     | Received a gift from Okawaru
 15578 | D:14     | Killed a vault guard
 15586 | D:14     | Killed a vault guard
 16048 | D:15     | Entered Level 15 of the Dungeon
 16574 | D:15     | Reached skill level 10 in Fighting
 16695 | D:15     | Reached skill level 1 in Evocations
 16814 | D:15     | Gained mutation: Your large and strong wings let you fly
                  | indefinitely. [Gargoyle growth]
 16814 | D:15     | Reached XP level 14. HP: 35/88 MP: 11/19
 17100 | D:15     | Received a gift from Okawaru
 17112 | D:15     | Found a staircase to the Depths.
 17426 | D:15     | Noticed Rupert
 17449 | D:15     | Killed Rupert
 17457 | D:15     | Received a gift from Okawaru
 17650 | D:15     | Noticed Louise
 17678 | D:15     | Killed Louise
 17884 | D:15     | Noticed Nessos
 17906 | D:15     | Killed Nessos
 17907 | D:15     | Reached skill level 13 in Shields
 18243 | Depths:1 | Entered Level 1 of the Depths
 18251 | Depths:1 | Noticed a lich
 18434 | Lair:1   | Entered Level 1 of the Lair of Beasts
 18543 | Lair:1   | Found a gate leading to a gauntlet.
 18553 | Gauntlet | Entered a Gauntlet
 18553 | Gauntlet | Found a transporter.
 18553 | Gauntlet | Found a transporter.
 18710 | Gauntlet | Found a transporter.
 18731 | Gauntlet | Found a transporter.
 18731 | Gauntlet | Found a transporter.
 18736 | Gauntlet | Found a transporter.
 18736 | Gauntlet | Found a transporter.
 18738 | Gauntlet | Found a transporter.
 18756 | Gauntlet | Found a transporter.
 18770 | Gauntlet | Found a transporter.
 18780 | Gauntlet | Found a transporter.
 18782 | Gauntlet | Found the cursed necklace of Bloodlust {*Rage +Rage Will++
                  | Int-3 Slay+6 *Curse}
 18795 | Gauntlet | Found a transporter.
 18820 | Gauntlet | Found a transporter.
 18837 | Gauntlet | Found a transporter.
 18923 | Gauntlet | Received a gift from Okawaru
 19171 | Gauntlet | Got a serpentine iron ring
 19818 | Lair:1   | Identified the ring "Adyovan" {rF+ Str+3 Dex+4} (You found
                  | it in a Gauntlet)
 20429 | Lair:2   | Found a staircase to the Shoals.
 21378 | Lair:3   | Reached skill level 10 in Armour
 21513 | Lair:3   | Received a gift from Okawaru
 21514 | Lair:3   | Reached XP level 15. HP: 88/94 MP: 18/20
 21514 | Lair:3   | Got a twisted flail {god gift}
 21515 | Lair:3   | Identified the +5 flail of Negia {vorpal, Str+4 Dex+4}
                  | (Okawaru gifted it to you on level 3 of the Lair of Beasts)
 22407 | Lair:3   | Got a smoking jade amulet
 22420 | Lair:3   | Got a translucent broad axe
 22630 | Lair:4   | Found a staircase to the Snake Pit.
 23075 | Lair:4   | Received a gift from Okawaru
 23103 | Lair:4   | Got a crude demon whip {god gift}
 23828 | Lair:5   | Reached skill level 5 in Evocations
 24014 | Lair:5   | Received a gift from Okawaru
 24738 | Lair:5   | Reached skill level 14 in Shields
 25411 | Lair:6   | Entered Level 6 of the Lair of Beasts
 25626 | Lair:6   | Received a gift from Okawaru
 25639 | Lair:6   | Reached XP level 16. HP: 86/101 MP: 17/21
 25644 | Lair:6   | Got a translucent kite shield {god gift}
 25656 | Lair:6   | Identified the +0 kite shield of Nodaan {rF+ rN+ Str-2
                  | Int+6} (Okawaru gifted it to you on level 6 of the Lair of
                  | Beasts)
 25935 | Lair:6   | Found a burning altar of Makhleb.
 26093 | Lair:6   | Found a gateway to Hell.
 26521 | Lair:6   | Identified the amulet "Zuofuto" {Spirit rC+ Will+ Int+4}
                  | (You found it on level 3 of the Lair of Beasts)
 26534 | Lair:6   | Identified the +9 broad axe of Qeofreg {elec, Str+3 Dex-4}
                  | (You found it on level 3 of the Lair of Beasts)
 26535 | Lair:6   | Identified the +5 demon whip of Qeohouru {vamp, rPois Will+
                  | Str+5 Dex-3} (Okawaru gifted it to you on level 4 of the
                  | Lair of Beasts)
 26928 | Lair:6   | Found a staircase to the Slime Pits.
 26928 | Lair:6   | Found a viscous altar of Jiyva.
 27399 | Orc:1    | Entered Level 1 of the Orcish Mines
 27411 | Orc:1    | Noticed Erolcha
 27420 | Orc:1    | Killed Erolcha
 27421 | Orc:1    | Found Miuwedum's Merry Market.
 27921 | Orc:2    | Entered Level 2 of the Orcish Mines
 28048 | Orc:2    | Found a staircase to the Elven Halls.
 28335 | Orc:2    | Found Ufousm's Antique Armour Emporium.
 28336 | Orc:2    | Found a roughly hewn altar of Beogh.
 28341 | Orc:2    | Found Jetyk's Antique Weapon Shoppe.
 28370 | Orc:2    | Bought a runed scale mail for 203 gold pieces
 28452 | Orc:2    | Received a gift from Okawaru
 28561 | Orc:2    | Found a roughly hewn altar of Beogh.
 28562 | Orc:2    | Found Hauqoid's Assorted Antiques.
 28598 | Orc:2    | Bought a scroll of identify for 54 gold pieces
 28598 | Orc:2    | Bought 2 potions of haste for 540 gold pieces
 28598 | Orc:2    | Bought a glowing plate armour for 702 gold pieces
 28663 | Orc:2    | Found a roughly hewn altar of Beogh.
 28664 | Orc:2    | Found Uqois Fiwa's Book Shop.
 28737 | Orc:2    | Found a roughly hewn altar of Beogh.
 28819 | Orc:2    | Found a radiant altar of Vehumet.
 28910 | Orc:2    | Found a roughly hewn altar of Beogh.
 28973 | Orc:2    | Found a roughly hewn altar of Beogh.
 29050 | Orc:1    | Noticed Fannar
 29064 | Orc:1    | Killed Fannar
 29202 | Orc:1    | Noticed Harold
 29202 | Orc:1    | Noticed Josephine
 29225 | Orc:1    | Killed Harold
 29226 | Orc:1    | Killed Josephine
 29464 | Elf:1    | Entered Level 1 of the Elven Halls
 29683 | Elf:1    | Received a gift from Okawaru
 30070 | Elf:1    | Reached skill level 15 in Shields
 30183 | Elf:1    | Reached XP level 17. HP: 105/108 MP: 20/22
 30371 | Elf:1    | Noticed an Ice Fiend
 30384 | Elf:1    | Noticed a Hell Sentinel
 31178 | Elf:1    | Found Eckiomp's One-of-a-Kind Books.
 31660 | Elf:2    | Received a gift from Okawaru
 31918 | Elf:2    | Cast into level 2 of the Abyss (+2 hand axe of distortion)
 31993 | Elf:2    | Escaped the Abyss
 32011 | Elf:2    | Reached skill level 10 in Dodging
 32166 | Elf:2    | Received a gift from Okawaru
 32167 | Elf:2    | Got a pair of faintly glowing gloves {god gift}
 32963 | D:13     | Identified the +0 pair of gloves of Greater Demons {-Tele
                  | rN+ Dex+4} (Okawaru gifted it to you on level 2 of the
                  | Elven Halls)
 33398 | Elf:2    | Reached skill level 1 in Crossbows
 33454 | Elf:2    | Found a runed translucent gate.
 33456 | Elf:2    | Found a runed translucent gate.
 33462 | Elf:2    | Found a runed translucent gate.
 33593 | Elf:2    | Noticed a sphinx
 33593 | Elf:2    | Noticed a sphinx
 33666 | Elf:2    | Noticed a sphinx
 33671 | Elf:2    | Killed a sphinx
 33682 | Elf:2    | Noticed a sphinx
 33698 | Elf:2    | Killed a sphinx
 33699 | Elf:2    | Noticed a sphinx
 33721 | Elf:2    | Killed a sphinx
 33725 | Elf:2    | Reached XP level 18. HP: 67/116 MP: 11/23
 34077 | Elf:2    | Noticed a deep elf blademaster
 34095 | Elf:2    | Killed a deep elf blademaster
 34095 | Elf:2    | Received a gift from Okawaru
 34236 | Elf:2    | Reached skill level 16 in Shields
 34934 | Elf:3    | Entered Level 3 of the Elven Halls
 34968 | Elf:3    | Found a gateway to a bazaar.
 35012 | Bazaar   | Entered a bazaar
 35030 | Bazaar   | Found Haule's General Store.
 35036 | Bazaar   | Found Waleih's Magic Scroll Shop.
 35043 | Bazaar   | Found Qinulinn's Assorted Antiques.
 35058 | Bazaar   | Bought a transparent bronze ring for 160 gold pieces
 35058 | Bazaar   | Bought a pair of runed gloves for 240 gold pieces
 35062 | Bazaar   | Found Eterhuyv's Weapon Emporium.
 35100 | Bazaar   | Bought the +2 hat of Tezut {rElec Will+ Dex+5} for 573 gold
                  | pieces
 35100 | Bazaar   | Bought a scroll of identify for 26 gold pieces
 35100 | Bazaar   | Bought a scroll of enchant weapon for 97 gold pieces
 35119 | Bazaar   | Bought a scroll of magic mapping for 31 gold pieces
 35119 | Bazaar   | Bought a scroll of identify for 18 gold pieces
 35119 | Bazaar   | Bought a scroll of identify for 18 gold pieces
 35119 | Bazaar   | Bought a scroll of magic mapping for 31 gold pieces
 35119 | Bazaar   | Bought a scroll of enchant armour for 67 gold pieces
 35119 | Bazaar   | Bought a scroll of identify for 18 gold pieces
 35129 | Bazaar   | Bought a potion of mutation for 256 gold pieces
 35129 | Bazaar   | Bought a potion of haste for 320 gold pieces
 35446 | Lair:1   | Identified the ring of the Forgotten Beasts {+Blink EV+4
                  | Str+2} (You bought it in a shop in a bazaar)
 35754 | Elf:3    | Received a gift from Okawaru
 35758 | Elf:3    | Got a pair of distressingly furry gloves {god gift}
 35769 | Elf:3    | Identified the +1 pair of gloves of Xont {rCorr} (Okawaru
                  | gifted it to you on level 3 of the Elven Halls)
 36268 | Elf:3    | Noticed a deep elf blademaster
 36282 | Elf:3    | Killed a deep elf blademaster
 36598 | Elf:3    | Identified the amulet of Miracles {Acrobat rElec rPois
                  | Will++ Str-4}
 36601 | Elf:3    | Noticed a Brimstone Fiend
 36803 | Elf:3    | Identified the ring "Efiewod" {rN+ Will++ Str+4}
 36854 | Elf:3    | Reached skill level 5 in Crossbows
 37124 | Elf:3    | Noticed a deep elf blademaster
 37134 | Elf:3    | Noticed an Ice Fiend
 37182 | Elf:3    | Killed a deep elf blademaster
 37196 | Elf:3    | Reached XP level 19. HP: 54/122 MP: 9/24
 37447 | Elf:3    | Identified the ring "Feseygoz" {rPois rF+ Stlth-}
 38114 | Elf:3    | Reached skill level 10 in Evocations
 38140 | Elf:3    | Received a gift from Okawaru
 38440 | Elf:3    | Received a gift from Okawaru
 38441 | Elf:3    | Found the +3 pair of gauntlets of War {Slay+5}
 38654 | Elf:3    | Found the +2 ratskin cloak {*Rats rPois rN+ Str-1 Int-1
                  | Dex+1}
 38657 | Elf:3    | Identified Maryjigi's Almanac of Necromancy and Changing
 38660 | Elf:3    | Identified the Compendium of Fanaticism
 38673 | Elf:3    | Identified Cokkann's Reference Book on the Escort and the
                  | Birds
 38767 | Elf:3    | Reached skill level 15 in Fighting
 38914 | Elf:3    | Got heavily runed quicksilver dragon scales
 38919 | Elf:3    | Identified the quicksilver dragon scales "Aveorph" {+Fly
                  | Will+ Int+6 Dex-2} (You found it on level 3 of the Elven
                  | Halls)
 39716 | Shoals:1 | Entered Level 1 of the Shoals
 39837 | Shoals:1 | Noticed Nikola
 39856 | Shoals:1 | Killed Nikola
 40789 | Shoals:2 | Noticed Polyphemus
 40816 | Shoals:2 | Killed Polyphemus
 41491 | Shoals:2 | Received a gift from Okawaru
 41638 | Shoals:2 | Reached skill level 17 in Shields
 42030 | Shoals:3 | Reached XP level 20. HP: 124/129 MP: 23/25
 42341 | Shoals:3 | Found a gateway to a bazaar.
 42541 | Shoals:3 | Received a gift from Okawaru
 42542 | Shoals:3 | Got a distressingly furry hat {god gift}
 42553 | Shoals:3 | Identified the +0 hat of the End {Will+} (Okawaru gifted it
                  | to you on level 3 of the Shoals)
 42892 | Shoals:4 | Entered Level 4 of the Shoals
 43185 | Shoals:4 | Reached skill level 15 in Armour
 43453 | Shoals:4 | Noticed Aizul
 43461 | Shoals:4 | Killed Aizul
 43634 | Shoals:4 | Got a pitted platinum ring
 44212 | Shoals:4 | Got a barnacled rune of Zot
 44931 | Lair:1   | Identified the ring of Abstinence {rPois EV+4} (You found
                  | it on level 4 of the Shoals)
 45049 | Snake:1  | Entered Level 1 of the Snake Pit
 45435 | Snake:1  | Noticed Agnes
 45449 | Snake:1  | Killed Agnes
 45758 | Snake:1  | Found Xiwuzoc's Book Boutique.
 46888 | Snake:2  | Received a gift from Okawaru
 46905 | Snake:2  | Reached XP level 21. HP: 134/136 MP: 24/26
 46926 | Snake:2  | Got a faintly glowing tower shield {god gift}
 46927 | Snake:2  | Identified the +8 tower shield "Ynuwoiffe" {SInv} (Okawaru
                  | gifted it to you on level 2 of the Snake Pit)
 47522 | Snake:2  | Got an iridescent morningstar
 47523 | Snake:2  | Identified the +3 morningstar of Kouchiq {flame, +Fly
                  | rElec} (You found it on level 2 of the Snake Pit)
 47948 | Snake:3  | Found a frozen archway.
 47973 | IceCv    | Entered an ice cave
 49267 | Snake:3  | Reached skill level 18 in Shields
 49289 | Snake:3  | Received a gift from Okawaru
 49360 | Snake:3  | Found Uqicsom's Antique Armour Emporium.
 49367 | Snake:3  | Noticed Vashnia
 49405 | Snake:3  | Killed Vashnia
 49405 | Snake:3  | Received a gift from Okawaru
 49664 | Snake:3  | Noticed Asterion
 49684 | Snake:3  | Killed Asterion
 50117 | Snake:4  | Entered Level 4 of the Snake Pit
 50195 | Snake:3  | Received a gift from Okawaru
 50245 | Snake:4  | Reached skill level 10 in Crossbows
 50533 | Snake:4  | Received a gift from Okawaru
 50604 | Snake:4  | Received a gift from Okawaru
 50605 | Snake:4  | Reached XP level 22. HP: 136/144 MP: 27/27
 50608 | Snake:4  | Got a warped helmet {god gift}
 50954 | Snake:4  | Got a serpentine rune of Zot
 51970 | Snake:4  | Identified the +0 helmet of the Comet {rElec rPois Int+6
                  | Dex-3} (Okawaru gifted it to you on level 4 of the Snake
                  | Pit)
 52800 | Depths:1 | Received a gift from Okawaru
 53058 | Depths:1 | Received a gift from Okawaru
 53765 | Depths:1 | Reached skill level 1 in Axes
 54124 | Depths:2 | Received a gift from Okawaru
 54616 | Depths:2 | Found a one-way gate to the infinite horrors of the Abyss.
 54788 | Depths:2 | Reached XP level 23. HP: 150/150 MP: 28/28
 55520 | Lair:1   | Identified a scroll of acquirement
 55542 | Lair:1   | Acquired 688 gold pieces
 55787 | Vaults:1 | Entered Level 1 of the Vaults
 56448 | Vaults:1 | Received a gift from Okawaru
 57149 | Vaults:1 | Found Besitt's General Store.
 57158 | Vaults:1 | Bought a scroll of identify for 42 gold pieces
 57158 | Vaults:1 | Bought a potion of might for 84 gold pieces
 57447 | Bazaar   | Entered a bazaar
 57447 | Bazaar   | Found Plog's Gadget Shoppe.
 57471 | Bazaar   | Found Juecwuec's Antique Armour Emporium.
 57479 | Bazaar   | Found Qasataw's Antique Weapon Emporium.
 57490 | Bazaar   | Found Deuzay's Distillery.
 57491 | Bazaar   | Bought a runed morningstar for 154 gold pieces
 57491 | Bazaar   | Bought a transparent hand crossbow for 187 gold pieces
 57491 | Bazaar   | Bought a runed flail for 143 gold pieces
 57491 | Bazaar   | Bought a twisted broad axe for 198 gold pieces
 57504 | Bazaar   | Found Soti's Antique Armour Shoppe.
 57511 | Bazaar   | Bought a faintly humming chain mail for 199 gold pieces
 57511 | Bazaar   | Bought the +2 hat of the Bear Spirit {Spirit, +Rage rN+
                  | Will++} for 821 gold pieces
 57511 | Bazaar   | Found the +2 hat of the Bear Spirit {Spirit, +Rage rN+
                  | Will++}
 57518 | Bazaar   | Bought a potion of mutation for 56 gold pieces
 57518 | Bazaar   | Bought a potion of mutation for 56 gold pieces
 57518 | Bazaar   | Bought a potion of magic for 56 gold pieces
 57518 | Bazaar   | Bought 2 potions of haste for 140 gold pieces
 57518 | Bazaar   | Bought a potion of mutation for 56 gold pieces
 57518 | Bazaar   | Bought a potion of curing for 21 gold pieces
 57518 | Bazaar   | Bought 2 potions of might for 56 gold pieces
 57518 | Bazaar   | Bought a potion of cancellation for 56 gold pieces
 57669 | Lair:1   | Identified the cursed +2 broad axe "Ciwkit" {flame, rN+}
                  | (You bought it in a shop in a bazaar)
 57670 | Lair:1   | Identified the +11 hand crossbow of Dominance {venom,
                  | *Drain rC+ Dex+3} (You bought it in a shop in a bazaar)
 57671 | Lair:1   | Identified the +1 chain mail of the Trombone {rF+ Will+
                  | Int+3} (You bought it in a shop in a bazaar)
 58137 | Vaults:1 | Received a gift from Okawaru
 58296 | Vaults:1 | Reached skill level 5 in Axes
 58747 | Vaults:2 | Noticed Sojobo
 58771 | Vaults:2 | Killed Sojobo
 58772 | Vaults:2 | Reached skill level 19 in Shields
 59013 | Vaults:2 | Noticed Jory
 59032 | Vaults:2 | Killed Jory
 59176 | Vaults:2 | Found Isiapto's Assorted Antiques.
 59191 | Vaults:2 | Bought a scroll of blinking for 300 gold pieces
 59225 | Vaults:2 | Noticed Mennas
 59259 | Vaults:2 | Killed Mennas
 59432 | Vaults:2 | Reached XP level 24. HP: 158/158 MP: 28/28
 60009 | Vaults:2 | Reached skill level 1 in Polearms
 60164 | Vaults:2 | Received a gift from Okawaru
 61565 | Vaults:3 | Received a gift from Okawaru
 61832 | Vaults:3 | Noticed Mara
 61843 | Vaults:3 | Killed Mara
 62012 | Vaults:3 | Found a staircase to the Crypt.
 62012 | Vaults:3 | Found an ancient bone altar of Kikubaaqudgha.
 62012 | Vaults:3 | Found a basalt altar of Yredelemnul.
 62123 | Vaults:3 | You fall into a shaft and drop 1 floor!
 62977 | Crypt:1  | Entered Level 1 of the Crypt
 63549 | Crypt:1  | Reached XP level 25. HP: 164/164 MP: 28/28
 64032 | Crypt:3  | Entered Level 3 of the Crypt
 64419 | Crypt:2  | Found a magical portal.
 64440 | WizLab   | Entered Cigotuvi's Fleshworks
 64487 | WizLab   | Received a gift from Okawaru
 64692 | WizLab   | Reached skill level 5 in Polearms
 64693 | WizLab   | Received a gift from Okawaru
 64738 | WizLab   | Paralysed by a floating eye for 3 turns
 64745 | WizLab   | Paralysed by a floating eye for 2 turns
 64903 | WizLab   | Got a heavily runed brass ring
 65032 | WizLab   | Received a gift from Okawaru
 65035 | WizLab   | Got a dazzling demon trident {god gift}
 65148 | WizLab   | Identified Cigotuvi's Almanac of Unholy Transmutation
 65150 | WizLab   | Identified Efen's Reference Book on Shape Shifting
 65491 | WizLab   | Identified the +4 demon trident "Wofaom" {venom, rPois}
                  | (Okawaru gifted it to you in a wizard's laboratory)
 65492 | WizLab   | Identified the ring of the Morning {*Tele Will+ Int+5} (You
                  | found it in a wizard's laboratory)
 67039 | Crypt:3  | Got a crude flail
 67662 | Crypt:3  | Received a gift from Okawaru
 67673 | Crypt:3  | Reached skill level 20 in Shields
 67867 | Crypt:3  | Noticed a royal mummy
 67891 | Crypt:3  | Killed a royal mummy
 68120 | Crypt:3  | Found a staircase to the Tomb.
 68314 | Crypt:3  | Found a basalt altar of Yredelemnul.
 68331 | Crypt:3  | Received a gift from Okawaru
 68456 | Crypt:3  | Reached skill level 15 in Evocations
 68824 | Crypt:3  | Reached XP level 26. HP: 165/172 MP: 27/28
 69423 | Lair:1   | Gained mutation: You passively map a small area around you.
                  | [potion of mutation]
 69423 | Lair:1   | Gained mutation: You have a pair of small horns on your
                  | head. [potion of mutation]
 69423 | Lair:1   | Gained mutation: You are agile. (Dex +2) [potion of
                  | mutation]
 69424 | Lair:1   | Lost mutation: You have a pair of small horns on your head.
                  | [potion of mutation]
 69424 | Lair:1   | Lost mutation: You are agile. (Dex +2) [potion of mutation]
 69424 | Lair:1   | Gained mutation: You are clumsy. (Dex -2) [potion of
                  | mutation]
 69424 | Lair:1   | Gained mutation: Your flesh is cold resistant. (rC+)
                  | [potion of mutation]
 69425 | Lair:1   | Lost mutation: You passively map a small area around you.
                  | [potion of mutation]
 69425 | Lair:1   | Lost mutation: You are clumsy. (Dex -2) [potion of
                  | mutation]
 69425 | Lair:1   | Lost mutation: Your flesh is cold resistant. (rC+) [potion
                  | of mutation]
 69425 | Lair:1   | Gained mutation: You expend magic power (3 MP) to
                  | strengthen your wands. [potion of mutation]
 69425 | Lair:1   | Gained mutation: Your spells are a little easier to cast,
                  | but a little less powerful. [potion of mutation]
 69425 | Lair:1   | Gained mutation: You have a pair of small horns on your
                  | head. [potion of mutation]
 69426 | Lair:1   | Lost mutation: You have a pair of small horns on your head.
                  | [potion of mutation]
 69426 | Lair:1   | Lost mutation: You expend magic power (3 MP) to strengthen
                  | your wands. [potion of mutation]
 69426 | Lair:1   | Lost mutation: Your spells are a little easier to cast, but
                  | a little less powerful. [potion of mutation]
 69426 | Lair:1   | Gained mutation: You are strong-willed. (Will+) [potion of
                  | mutation]
 69426 | Lair:1   | Gained mutation: You are partially covered in slimy green
                  | scales. (AC +2) [potion of mutation]
 69427 | Lair:1   | Lost mutation: You are strong-willed. (Will+) [potion of
                  | mutation]
 69427 | Lair:1   | Lost mutation: You are partially covered in slimy green
                  | scales. (AC +2) [potion of mutation]
 69427 | Lair:1   | Gained mutation: You possess an exceptional clarity of
                  | mind. [potion of mutation]
 69427 | Lair:1   | Gained mutation: You have large cloven feet. [potion of
                  | mutation]
 69427 | Lair:1   | Gained mutation: You passively map a small area around you.
                  | [potion of mutation]
 69428 | Lair:1   | Lost mutation: You have large cloven feet. [potion of
                  | mutation]
 69428 | Lair:1   | Lost mutation: You possess an exceptional clarity of mind.
                  | [potion of mutation]
 69428 | Lair:1   | Gained mutation: Your magical capacity is low. (-10% MP)
                  | [potion of mutation]
 69428 | Lair:1   | Gained mutation: You have sharp toenails. [potion of
                  | mutation]
 69429 | Lair:1   | Lost mutation: You passively map a small area around you.
                  | [potion of mutation]
 69429 | Lair:1   | Gained mutation: You occasionally shout uncontrollably at
                  | your foes. [potion of mutation]
 69429 | Lair:1   | Gained mutation: Your spells are a little harder to cast,
                  | but a little more powerful. [potion of mutation]
 69429 | Lair:1   | Gained mutation: You are partially covered in iridescent
                  | scales. (AC +2) [potion of mutation]
 69429 | Lair:1   | Gained mutation: Your movements are slightly less
                  | encumbered by armour. (ER -2) [potion of mutation]
 69430 | Lair:1   | Lost mutation: Your magical capacity is low. (-10% MP)
                  | [potion of mutation]
 69430 | Lair:1   | Lost mutation: Your movements are slightly less encumbered
                  | by armour. (ER -2) [potion of mutation]
 69430 | Lair:1   | Gained mutation: Your magical capacity is low. (-10% MP)
                  | [potion of mutation]
 69430 | Lair:1   | Gained mutation: You are agile. (Dex +2) [potion of
                  | mutation]
 69430 | Lair:1   | Gained mutation: Your mind is acute. (Int +2) [potion of
                  | mutation]
 69431 | Lair:1   | Lost mutation: Your magical capacity is low. (-10% MP)
                  | [potion of mutation]
 69431 | Lair:1   | Lost mutation: You are partially covered in iridescent
                  | scales. (AC +2) [potion of mutation]
 69431 | Lair:1   | Lost mutation: Your mind is acute. (Int +2) [potion of
                  | mutation]
 69431 | Lair:1   | Lost mutation: You have sharp toenails. [potion of
                  | mutation]
 69431 | Lair:1   | Gained mutation: You are partially covered in thin metallic
                  | scales. (AC +2) [potion of mutation]
 69431 | Lair:1   | Gained mutation: You have a pair of small antennae on your
                  | head. [potion of mutation]
 69432 | Lair:1   | Lost mutation: Your spells are a little harder to cast, but
                  | a little more powerful. [potion of mutation]
 69432 | Lair:1   | Lost mutation: You are agile. (Dex +2) [potion of mutation]
 69432 | Lair:1   | Lost mutation: You occasionally shout uncontrollably at
                  | your foes. [potion of mutation]
 69432 | Lair:1   | Lost mutation: You have a pair of small antennae on your
                  | head. [potion of mutation]
 69432 | Lair:1   | Gained mutation: You evolve. [potion of mutation]
 69432 | Lair:1   | Gained mutation: Your muscles are strong. (Str +2) [potion
                  | of mutation]
 69468 | Lair:1   | Identified the cursed +1 flail of Divine Valour {vorpal,
                  | Dex+9} (You found it on level 3 of the Crypt)
 71155 | Vaults:4 | Gained mutation: You are robust. (+10% HP) [evolution]
 71266 | Vaults:4 | Reached skill level 15 in Dodging
 71343 | Vaults:4 | Found Xanatany's Gadget Boutique.
 71709 | Vaults:5 | Entered Level 5 of the Vaults
 71769 | Vaults:4 | Received a gift from Okawaru
 72986 | Vaults:5 | Identified the +2 halberd of Gloom {freeze, Str+6}
 73160 | Vaults:5 | Got a silver rune of Zot
 73395 | Vaults:5 | Received a gift from Okawaru
 73406 | Vaults:5 | Reached XP level 27. HP: 170/196 MP: 26/28
 73519 | Vaults:5 | Found Zaowismu's Magic Scroll Shop.
 73519 | Vaults:5 | Found Uplysmududy's Antique Armour Shoppe.
 73729 | Vaults:5 | Received a gift from Okawaru
 73778 | Vaults:5 | Found Olleuh's Distillery.
 73798 | Vaults:5 | Got a pair of smoking boots {god gift}
 73807 | Vaults:5 | Found Lotipy's Antique Armour Shoppe.
 73867 | Vaults:5 | Bought a potion of cancellation for 112 gold pieces
 73867 | Vaults:5 | Bought a potion of curing for 42 gold pieces
 73867 | Vaults:5 | Bought a potion of resistance for 140 gold pieces
 73867 | Vaults:5 | Bought a potion of curing for 42 gold pieces
 73867 | Vaults:5 | Bought a potion of curing for 42 gold pieces
 73867 | Vaults:5 | Bought a potion of curing for 42 gold pieces
 74126 | Vaults:5 | Got a twitching ivory amulet
 74132 | Vaults:5 | Identified the +1 pair of boots "Fauhoar" {*Slow rCorr
                  | Dex+2} (Okawaru gifted it to you on level 5 of the Vaults)
 74205 | Vaults:5 | Bought a scroll of identify for 32 gold pieces
 74205 | Vaults:5 | Bought a scroll of identify for 32 gold pieces
 74205 | Vaults:5 | Bought a scroll of identify for 32 gold pieces
 74205 | Vaults:5 | Bought a scroll of holy word for 120 gold pieces
 74205 | Vaults:5 | Bought a scroll of identify for 32 gold pieces
 74205 | Vaults:5 | Bought a scroll of identify for 32 gold pieces
 74415 | Vaults:5 | Found the +8 lance "Wyrmbane" {slay drac, rPois rF+ rC+
                  | AC+3}
 74446 | Vaults:5 | Got a twisted quarterstaff
 75093 | Lair:1   | Identified the +12 quarterstaff "Hacsuto" {freeze, +Inv
                  | Int+2 Dex+7 Stlth+} (You found it on level 5 of the Vaults)
 75094 | Lair:1   | Identified the amulet of Byidagus {Reflect rF+++ Str+6
                  | SH+5} (You found it on level 5 of the Vaults)
 75366 | D:14     | Lost mutation: You are robust. (+10% HP) [evolution]
 75473 | Depths:3 | Reached skill level 21 in Shields
 76099 | Depths:3 | Found a one-way gate leading to the halls of Pandemonium.
 76173 | Depths:3 | Noticed Margery
 76192 | Depths:3 | Killed Margery
 76200 | Depths:3 | Received a gift from Okawaru
 76383 | Depths:3 | Noticed an ancient lich
 76394 | Depths:3 | Received a gift from Okawaru
 76401 | Depths:3 | Reached skill level 10 in Polearms
 76413 | Depths:3 | Killed an ancient lich
 76413 | Depths:3 | Received a gift from Okawaru
 76430 | Depths:3 | Got a heavily runed chain mail {god gift}
 76431 | Depths:3 | Identified the +1 chain mail "Zogrumen" {rElec rC+}
                  | (Okawaru gifted it to you on level 3 of the Depths)
 76445 | Depths:3 | Identified the Catalogue of Evil
 76690 | Depths:3 | Found a gateway to a ziggurat.
 77904 | Depths:4 | Received a gift from Okawaru
 78329 | Depths:4 | You are sucked into a shaft and drop 1 floor!
 78329 | Depths:5 | Entered Level 5 of the Depths
 78391 | Depths:5 | Received a gift from Okawaru
 78404 | Depths:5 | Got a slimy kite shield {god gift}
 78921 | Depths:5 | Noticed Xtahua
 78978 | Depths:5 | Noticed a juggernaut
 78982 | Depths:5 | Killed Xtahua
 79011 | Depths:5 | Killed a juggernaut
 79073 | Depths:5 | Reached skill level 22 in Shields
 79421 | Depths:5 | Found the -2 hat of the Alchemist {rElec rPois rF+ rC+ rN+
                  | Will+ rMut rCorr}
 79557 | Depths:5 | Found a gate to the Realm of Zot.
 79711 | Zot:1    | Entered Level 1 of the Realm of Zot
 79817 | Zot:1    | Received a gift from Okawaru
 80663 | Zot:1    | Received a gift from Okawaru
 80826 | Zot:1    | Received a gift from Okawaru
 81130 | Zot:1    | Received a gift from Okawaru
 81153 | Zot:1    | Identified the +4 kite shield of Duj Exua {Rampage Regen+
                  | Dex-2} (Okawaru gifted it to you on level 5 of the Depths)
 81428 | Zot:1    | Gained mutation: You occasionally shout uncontrollably at
                  | your foes. [evolution]
 82703 | Zot:3    | Received a gift from Okawaru
 83567 | Zot:4    | Received a gift from Okawaru
 83568 | Zot:4    | Found the +3 hat of Pondering {ponderous, Will+ MP+10
                  | Int+5}
 83764 | Zot:4    | Reached skill level 23 in Shields
 84449 | Zot:5    | Entered Level 5 of the Realm of Zot
 84549 | Zot:5    | Noticed an orb of fire
 84549 | Zot:5    | Noticed an orb of fire
 84553 | Zot:5    | Gained mutation: Your body sometimes deteriorates upon
                  | taking damage. [an orb of fire]
 84556 | Zot:5    | Gained mutation: You are clumsy. (Dex -2) [an orb of fire]
 84560 | Zot:5    | Gained mutation: Armour fits poorly on your strangely
                  | shaped body. [an orb of fire]
 84794 | Zot:5    | Received a gift from Okawaru
 84917 | Zot:5    | Received a gift from Okawaru
 85340 | Zot:5    | Noticed an ancient lich
 85398 | Zot:5    | Lost mutation: Your muscles are strong. (Str +2) [potion of
                  | mutation]
 85398 | Zot:5    | Lost mutation: Armour fits poorly on your strangely shaped
                  | body. [potion of mutation]
 85398 | Zot:5    | Lost mutation: Your body sometimes deteriorates upon taking
                  | damage. [potion of mutation]
 85398 | Zot:5    | Gained mutation: You have an increased reservoir of magic.
                  | (+10% MP) [potion of mutation]
 85398 | Zot:5    | Gained mutation: You have a pair of small antennae on your
                  | head. [potion of mutation]
 85398 | Zot:5    | Gained mutation: You possess an exceptional clarity of
                  | mind. [potion of mutation]
 85497 | Zot:5    | Gained mutation: You are very clumsy. (Dex -4) [an orb of
                  | fire]
 85505 | Zot:5    | Lost mutation: You possess an exceptional clarity of mind.
                  | [an orb of fire]
 85509 | Zot:5    | Gained mutation: You are weak. (Str -2) [an orb of fire]
 85527 | Zot:5    | Gained mutation: Potions are less effective at restoring
                  | your health. [an orb of fire]
 85541 | Zot:5    | Killed an orb of fire
 85542 | Zot:5    | Killed an ancient lich
 85569 | Zot:5    | Gained mutation: Your spells are a little easier to cast,
                  | but a little less powerful. [an orb of fire]
 85576 | Zot:5    | Killed an orb of fire
 85869 | Zot:5    | Noticed an orb of fire
 85875 | Zot:5    | Received a gift from Okawaru
 85895 | Zot:5    | Gained mutation: Scrolls take you a little longer to read.
                  | [an orb of fire]
 85901 | Zot:5    | Killed an orb of fire
 85920 | Zot:5    | Noticed an orb of fire
 85921 | Zot:5    | Noticed an orb of fire
 85945 | Zot:5    | Killed an orb of fire
 85945 | Zot:5    | Received a gift from Okawaru
 85947 | Zot:5    | Noticed an orb of fire
 85964 | Zot:5    | Gained mutation: You do not regenerate when monsters are
                  | visible. [an orb of fire]
 85974 | Zot:5    | Killed an orb of fire
 85991 | Zot:5    | Gained mutation: You sometimes yell uncontrollably at your
                  | foes. [an orb of fire]
 85994 | Zot:5    | Gained mutation: You are frail. (-10% HP) [an orb of fire]
 86002 | Zot:5    | Gained mutation: Scrolls take you longer to read. [an orb
                  | of fire]
 86010 | Zot:5    | Gained mutation: Scrolls take you much longer to read. [an
                  | orb of fire]
 86017 | Zot:5    | Gained mutation: You frequently scream uncontrollably at
                  | your foes. [an orb of fire]
 86020 | Zot:5    | Gained mutation: You are very weak. (Str -4) [an orb of
                  | fire]
 86023 | Zot:5    | Killed an orb of fire
 86441 | Zot:5    | Reached skill level 10 in Invocations
 86630 | Zot:5    | Paralysed by a Zot trap for 4 turns
 86799 | Zot:5    | Lost mutation: You are frail. (-10% HP) [evolution]
 87532 | Lair:1   | Lost mutation: You frequently scream uncontrollably at your
                  | foes. [potion of mutation]
 87532 | Lair:1   | Lost mutation: You do not regenerate when monsters are
                  | visible. [potion of mutation]
 87532 | Lair:1   | Lost mutation: You are very clumsy. (Dex -4) [potion of
                  | mutation]
 87532 | Lair:1   | Gained mutation: You have large cloven feet. [potion of
                  | mutation]
 87533 | Lair:1   | Lost mutation: Scrolls take you much longer to read.
                  | [potion of mutation]
 87533 | Lair:1   | Lost mutation: Your spells are a little easier to cast, but
                  | a little less powerful. [potion of mutation]
 87533 | Lair:1   | Lost mutation: You sometimes yell uncontrollably at your
                  | foes. [potion of mutation]
 87533 | Lair:1   | Lost mutation: You are very weak. (Str -4) [potion of
                  | mutation]
 87533 | Lair:1   | Lost mutation: You are clumsy. (Dex -2) [potion of
                  | mutation]
 87533 | Lair:1   | Gained mutation: You possess an exceptional clarity of
                  | mind. [potion of mutation]
 87534 | Lair:1   | Lost mutation: Scrolls take you longer to read. [potion of
                  | mutation]
 87534 | Lair:1   | Lost mutation: You are weak. (Str -2) [potion of mutation]
 87534 | Lair:1   | Lost mutation: Scrolls take you a little longer to read.
                  | [potion of mutation]
 87534 | Lair:1   | Lost mutation: You evolve. [potion of mutation]
 87534 | Lair:1   | Gained mutation: Scrolls take you a little longer to read.
                  | [potion of mutation]
 87534 | Lair:1   | Gained mutation: Your skin changes colour to match your
                  | surroundings (Stealth+). [potion of mutation]
 87535 | Lair:1   | Lost mutation: You are partially covered in thin metallic
                  | scales. (AC +2) [potion of mutation]
 87535 | Lair:1   | Lost mutation: Scrolls take you a little longer to read.
                  | [potion of mutation]
 87535 | Lair:1   | Lost mutation: You possess an exceptional clarity of mind.
                  | [potion of mutation]
 87535 | Lair:1   | Gained mutation: You are dopey. (Int -2) [potion of
                  | mutation]
 87535 | Lair:1   | Gained mutation: You evolve. [potion of mutation]
 87535 | Lair:1   | Gained mutation: Your flesh is heat resistant. (rF+)
                  | [potion of mutation]
 87536 | Lair:1   | Lost mutation: You have large cloven feet. [potion of
                  | mutation]
 87536 | Lair:1   | Lost mutation: Your flesh is heat resistant. (rF+) [potion
                  | of mutation]
 87536 | Lair:1   | Lost mutation: You are dopey. (Int -2) [potion of mutation]
 87536 | Lair:1   | Gained mutation: You have large cloven feet. [potion of
                  | mutation]
 87536 | Lair:1   | Gained mutation: Your body sometimes deteriorates upon
                  | taking damage. [potion of mutation]
 87536 | Lair:1   | Gained mutation: You expend magic power (3 MP) to
                  | strengthen your wands. [potion of mutation]
 87537 | Lair:1   | Lost mutation: You occasionally shout uncontrollably at
                  | your foes. [potion of mutation]
 87537 | Lair:1   | Lost mutation: You have a pair of small antennae on your
                  | head. [potion of mutation]
 87537 | Lair:1   | Gained mutation: You rapidly evolve. [potion of mutation]
 87537 | Lair:1   | Lost mutation: You expend magic power (3 MP) to strengthen
                  | your wands. [potion of mutation]
 87537 | Lair:1   | Gained mutation: You are covered in fur. (AC +1) [potion of
                  | mutation]
 87538 | Lair:1   | Lost mutation: Your body sometimes deteriorates upon taking
                  | damage. [potion of mutation]
 87538 | Lair:1   | Lost mutation: You rapidly evolve. [potion of mutation]
 87538 | Lair:1   | Gained mutation: You tend to lose your temper in combat.
                  | [potion of mutation]
 87538 | Lair:1   | Gained mutation: Your spells are a little harder to cast,
                  | but a little more powerful. [potion of mutation]
 87539 | Lair:1   | Lost mutation: Your skin changes colour to match your
                  | surroundings (Stealth+). [potion of mutation]
 87539 | Lair:1   | Lost mutation: Your spells are a little harder to cast, but
                  | a little more powerful. [potion of mutation]
 87539 | Lair:1   | Gained mutation: You expend magic power (3 MP) to
                  | strengthen your wands. [potion of mutation]
 87539 | Lair:1   | Gained mutation: You are strong-willed. (Will+) [potion of
                  | mutation]
 87540 | Lair:1   | Lost mutation: You have large cloven feet. [potion of
                  | mutation]
 87540 | Lair:1   | Lost mutation: You expend magic power (3 MP) to strengthen
                  | your wands. [potion of mutation]
 87540 | Lair:1   | Lost mutation: You tend to lose your temper in combat.
                  | [potion of mutation]
 87540 | Lair:1   | Gained mutation: You have a considerably increased
                  | reservoir of magic. (+20% MP) [potion of mutation]
 87540 | Lair:1   | Gained mutation: You expend magic power (3 MP) to
                  | strengthen your wands. [potion of mutation]
 87541 | Lair:1   | Lost mutation: You are strong-willed. (Will+) [potion of
                  | mutation]
 87541 | Lair:1   | Lost mutation: You have a considerably increased reservoir
                  | of magic. (+20% MP) [potion of mutation]
 87541 | Lair:1   | Lost mutation: You have an increased reservoir of magic.
                  | (+10% MP) [potion of mutation]
 87541 | Lair:1   | Lost mutation: You are covered in fur. (AC +1) [potion of
                  | mutation]
 87541 | Lair:1   | Gained mutation: You occasionally shout uncontrollably at
                  | your foes. [potion of mutation]
 87541 | Lair:1   | Gained mutation: Scrolls take you a little longer to read.
                  | [potion of mutation]
 87541 | Lair:1   | Gained mutation: You have a beak for a mouth. [potion of
                  | mutation]
 87542 | Lair:1   | Lost mutation: You occasionally shout uncontrollably at
                  | your foes. [potion of mutation]
 87542 | Lair:1   | Lost mutation: Scrolls take you a little longer to read.
                  | [potion of mutation]
 87542 | Lair:1   | Gained mutation: You are clumsy. (Dex -2) [potion of
                  | mutation]
 87542 | Lair:1   | Gained mutation: You are frail. (-10% HP) [potion of
                  | mutation]
 87542 | Lair:1   | Gained mutation: You possess an exceptional clarity of
                  | mind. [potion of mutation]
 87543 | Lair:1   | Lost mutation: You are clumsy. (Dex -2) [potion of
                  | mutation]
 87543 | Lair:1   | Lost mutation: You are frail. (-10% HP) [potion of
                  | mutation]
 87543 | Lair:1   | Lost mutation: You evolve. [potion of mutation]
 87543 | Lair:1   | Lost mutation: You possess an exceptional clarity of mind.
                  | [potion of mutation]
 87543 | Lair:1   | Gained mutation: You are frail. (-10% HP) [potion of
                  | mutation]
 87543 | Lair:1   | Gained mutation: Your spells are a little harder to cast,
                  | but a little more powerful. [potion of mutation]
 87544 | Lair:1   | Lost mutation: You expend magic power (3 MP) to strengthen
                  | your wands. [potion of mutation]
 87544 | Lair:1   | Lost mutation: You are frail. (-10% HP) [potion of
                  | mutation]
 87544 | Lair:1   | Lost mutation: Potions are less effective at restoring your
                  | health. [potion of mutation]
 87544 | Lair:1   | Lost mutation: Your spells are a little harder to cast, but
                  | a little more powerful. [potion of mutation]
 87544 | Lair:1   | Gained mutation: You are somewhat resistant to further
                  | mutation. [potion of mutation]
 88237 | D:8      | Killed Joseph
 88250 | D:8      | Fell from the grace of Okawaru
 88250 | D:8      | Became a worshipper of Zin the Law-Giver
 88250 | D:8      | Reached * piety under Zin
 88250 | D:8      | Reached ** piety under Zin
 88253 | D:8      | Donated 1386 gold pieces to Zin
 88254 | D:8      | Donated 693 gold pieces to Zin
 88255 | D:8      | Donated 347 gold pieces to Zin
 88276 | D:9      | Reached *** piety under Zin
 88406 | D:10     | Reached **** piety under Zin
 88575 | Depths:2 | Voluntarily entered the Abyss.
 88595 | Abyss:1  | Reached ***** piety under Zin
 89186 | Abyss:2  | Got a faintly humming hat
 89210 | Abyss:2  | Found a bloodstained altar of Trog.
 89318 | Abyss:2  | Reached skill level 24 in Shields
 89427 | Abyss:2  | Got ichor-stained pearl dragon scales
 89553 | Abyss:3  | Got a crude morningstar
 89790 | Abyss:3  | Reached ****** piety under Zin
 89842 | Abyss:3  | Got an abyssal rune of Zot
 89848 | Depths:2 | Escaped the Abyss
 90562 | Tomb:1   | Entered Level 1 of the Tomb of the Ancients
 91164 | Tomb:1   | Noticed a royal mummy
 91173 | Tomb:1   | Killed a royal mummy
 91200 | Tomb:1   | Noticed a royal mummy
 91201 | Tomb:1   | Noticed a royal mummy
 91210 | Tomb:1   | Killed a royal mummy
 91224 | Tomb:1   | Killed a royal mummy
 92024 | Tomb:1   | Identified the +10 quarterstaff of the Tundras {spect,
                  | Fragile Dex+6}
 92025 | Tomb:1   | Identified the +10 quarterstaff of the Tundras {spect,
                  | Fragile Dex+6}
 92364 | Tomb:2   | Noticed a royal mummy
 92364 | Tomb:2   | Noticed an ancient lich
 92365 | Tomb:2   | Noticed a royal mummy
 92367 | Tomb:2   | Noticed a royal mummy
 92478 | Tomb:2   | HP: 5/186 [mummy priest/divine providence (9)]
 92489 | Tomb:2   | Killed from afar by an ancient lich

Illustrated notes

Levels and vault maps discovered:
D:1:      kennysheep_arrival_forest, layout_loops_ring
D:2:      layout_rooms, lemuel_round_altar, grunt_qazlal_sundering, uniq_terence
D:3:      layout_basic, uniq_ijyb, uniq_crazy_yiuf_cottage
D:4:      layout_basic, gammafunk_temple_overflow_arena, marbit_many_paths,
          serial_rivers, chequers_serial_rivers_micro_c,
          chequers_serial_rivers_marsh, chequers_serial_rivers_small_b,
          chequers_serial_rivers_room_b, chequers_serial_rivers_room_b
D:5:      layout_rooms, serial_shops, shop, basic_altar
D:6:      cheibrodos_quashed, layout_loops_cross,
          minmay_temple_entry_mini_moons, cheibrodos_sewer_entry_drain,
          ebering_ghost_sewer_f, uniq_sigmund, uniq_blork_the_orc
D:7:      layout_loops_ring, enter_bailey_8
D:8:      layout_rooms, grunt_temple_overflow_growth_and_decay,
          nicolae_overflow_hidden_temple, erik_lair_island, uniq_maurice,
          uniq_joseph
D:9:      layout_irregular_city, kennysheep_mini_moat,
          minmay_orc_entry_temple_small, serial_shops,
          nicolae_shop_window_shopping, kb_xom_exploding_sheep, uniq_psyche,
          uniq_grum
D:10:     layout_layer_cave, serial_shops, shop_coins
D:11:     layout_layer_cave, minmay_librarian
D:12:     layout_loops_ring, serial_shops, nicolae_shop_behind_doors
D:13:     layout_loops_cross, uniq_sonja
D:14:     layout_rooms, erik_vaults_2
D:15:     gammafunk_enter_depths_forms, layout_rooms, chequers_jeans,
          grunt_decor_junction, uniq_rupert, uniq_nessos, uniq_louise
Temple:   minmay_temple_bridge_abc
Lair:1:   layout_small_grid, gauntlet_entry_generic
Lair:2:   layout_chaotic_city, minmay_shoals_entry_lonely_mermaid,
          chequers_serial_rivers_room_b, worms_lemuel, serial_bayou_shore_a,
          serial_bayou_shore_b
Lair:3:   layout_chaotic_city, serial_bayou_shore_b, minmay_lair_oklob_chamber
Lair:4:   layout_gridlike, minmay_snake_entry_guardpost_small
Lair:5:   nzn_winding_woodlands_huge [nzn_winding_woodlands_5x15_crooked,
          nzn_winding_woodlands_5x15_pathside_ponds,
          nzn_winding_woodlands_5x15_parted, nzn_winding_woodlands_5x15_default,
          nzn_winding_woodlands_5x15_jagged,
          nzn_winding_woodlands_5x15_sidewinder,
          nzn_winding_woodlands_5x15_sawtooth,
          nzn_winding_woodlands_5x15_garden,
          nzn_winding_woodlands_5x15_longhouse,
          nzn_winding_woodlands_5x15_zeroes, nzn_winding_woodlands_center_lodge,
          nzn_winding_woodlands_center_garden,
          nzn_winding_woodlands_15x15_thick_spiral], layout_concentric_octagons,
          hangedman_lair_unloving_vines, st_stairs_10, nzn_sisyphean_effort
Lair:6:   evil_forest, layout_loops_ring, slime_altar_1,
          chequers_serial_rivers_room_b, lemuel_fruit_tree,
          infiniplex_staircase_pool
Shoals:1: layout_shoals, nicolae_shoals_stone_sculpture_thing,
          nicolae_shoals_undead_eyrie, uniq_nikola
Shoals:2: layout_shoals, uniq_polyphemus
Shoals:3: layout_shoals, serial_shops, statue_bzr
Shoals:4: shoals_end_grunt_ice, layout_shoals, nzn_prometheus_bound, uniq_aizul
Snake:1:  layout_layer_cave, serial_shops, shop_statue, grunt_megastairs_5,
          uniq_agnes
Snake:2:  hangedman_cross_veins, layout_misc_corridors
Snake:3:  layout_cave_shapes, portal_ice_cave_entry_frozen_things,
          minmay_shop_star, grunt_megastairs_4, uniq_vashnia, uniq_asterion
Snake:4:  snake_hunt, layout_chambers, grunt_ministairs_6, drop_trap,
          nicolae_coiled_stairwell_up, serial_bayou_shore_b
Orc:1:    layout_caves, nicolae_alphabet_shops, uniq_harold, uniq_erolcha,
          uniq_fannar, uniq_josephine
Orc:2:    grunt_orc_community_town_hall, layout_caves,
          grunt_orc_community_big_house_1, grunt_orc_community_big_house_1,
          grunt_orc_community_house_1, grunt_orc_community_house_1,
          grunt_orc_community_house_3, grunt_orc_community_house_2,
          grunt_orc_community_house_3, grunt_orc_community_house_2, basic_altar
Elf:1:    elf_arrival_002, layout_loops_ring,
          hangedman_elven_crosses_minicolossus, nicolae_rare_books,
          hangedman_elf_power_crystal
Elf:2:    layout_geoelf_grid, special_room [special_room_mythical_zoo],
          ebering_dispersal_statue_hall, minivault_8
Elf:3:    nooodl_elf_gasket, layout_geoelf_diagonals, serial_shops,
          bzr_entry_gold
Vaults:1: ontoclasm_vaults_eye, v_misc_25, grunt_vaults_funnel,
          hangedman_vaults_stitches, hangedman_vaults_stream,
          ontoclasm_vaults_twist, v_misc_5, v_rooms_1,
          grunt_vaults_hallway_short, ontoclasm_vaults_ring_small,
          vaults_dpeg_ring, st_hourglassy, vaults_dpeg_encased_lava,
          layout_vaults_ring, serial_shops,
          nicolae_shop_temple_entry_statues_fountains, serial_glass
Vaults:2: hangedman_vaults_capsules, hangedman_vaults_impose,
          vaults_room_stairs_pillars, v_misc_1, v_misc_29,
          vaults_room_grunt_arrival_ludios, vaults_room_door_hall, v_misc_32,
          vaults_dpeg_diagonal, nicolae_vaults_specimen_jars,
          layout_vaults_big_room, serial_shops, shop, uniq_jory, uniq_mennas,
          uniq_sojobo
Vaults:3: minmay_crypt_entry_necro_gods, hangedman_vaults_maws,
          grunt_vaults_diagonal, nicolae_vaults_border_crossing,
          nicolae_vaults_asterisk, hangedman_vaults_cutoff,
          grunt_vaults_hallway_short, layout_vaults_omnigrid, uniq_mara
Vaults:4: nicolae_vaults_little_squares_5, ontoclasm_vaults_claustrophobia,
          vaults_mumra_minichess_inversion, v_pattern_1,
          nicolae_vaults_circle_grid_a, ontoclasm_vaults_shuriken,
          grunt_vaults_trifunnel, ontoclasm_vaults_gateway,
          vaults_standard_mumra_enter_the_diamond, ontoclasm_vaults_ring_small,
          layout_vaults_omnicross, serial_shops, nicolae_shop_waterfront
Vaults:5: serial_shops
Crypt:1:  layout_rooms, nrook_guardian_serpent_ordinary,
          grunt_crypt_arrival_webbed
Crypt:2:  layout_misc_corridors, mu_enter_wizlab_1, grunt_megastairs_2
Crypt:3:  evilmike_haunted_forest
Tomb:1
Tomb:2
Depths:1: layout_gridlike, grunt_hell_entry_dis_grunt, nicolae_benzene_ring,
          kennysheep_small_circle
Depths:2: minmay_the_grid_octo_tiled_squarecenter [minmay_the_grid_octo_clover,
          minmay_the_grid_octo_horde, minmay_the_grid_octo_fat_diamond,
          minmay_the_grid_octo_chip,
          minmay_the_grid_square_5x5_megaprize_hollow,
          minmay_the_grid_square_5x5_meh, minmay_the_grid_square_5x5_mess,
          minmay_the_grid_square_5x5_three_small,
          minmay_the_grid_square_5x5_sharp_hourglass], layout_cave_pools,
          pf_coc_iceberg, abyss_entry_small_statue_room
Depths:3: minmay_bad_star, layout_cave_pools, enter_ziggurat_e,
          grunt_metal_band, rand_demon_pan_entry_3, special_room
          [special_room_morgue], serial_bayou_shore_b,
          minmay_staircase_windowed_large, firewood_loft
Depths:4: minmay_strange_plus, layout_basic, hell_entry,
          marbit_kobold_abyss_entry, roderic_lattice_a,
          amcnicky_mini_pool_medium, minmay_staircase_bubble
Depths:5: evilmike_zot_entry_diamond, layout_cave_pools, hell_entry,
          due_unseen_surprise, uniq_xtahua
Zot:1:    layout_basic, hangedman_snap_crack_crunch
Zot:2:    layout_onion_interference, hangedman_zot_gyre
Zot:3:    layout_basic, zot_minivault_3
Zot:4:    layout_basic
Zot:5:    layout_onion

Skill      XL: |  1  2  3  4  5  6  7  8  9 10 11 12 13 14 15 16 17 18 19 20 21 22 23 24 25 26 27 |
---------------+----------------------------------------------------------------------------------+-----
Shields        | 4 9 10 11 12 13 14 15 16 17 18 19 20 24 | 24.3
Dodging        | 1 3 4 5 6 7 8 9 10 11 12 13 14 15 18 | 18.7
Maces & Flails | 3 10 13 14 15 16 | 16.0
Fighting       | 4 5 6 7 8 9 10 11 12 13 14 15 16 17 18 19 20 23 | 23.8
Armour         | 4 5 6 7 8 10 11 12 13 14 15 16 17 18 19 23 | 23.1
Invocations    | 1 3 5 6 7 12 | 12.0
Evocations     | 1 4 6 7 8 9 10 11 12 13 14 15 19 | 19.0
Crossbows      | 2 5 7 8 10 11 12 | 12.0
Axes           | 3 5 7 9 |  9.0
Polearms       | 4 6 8 13 | 13.0

Action                   |  1- 3 |  4- 6 |  7- 9 | 10-12 | 13-15 | 16-18 | 19-21 | 22-24 | 25-27 || total
-------------------------+-------+-------+-------+-------+-------+-------+-------+-------+-------++-------
Melee: Flail             |   142 |   215 |   139 |       |       |       |       |       |       ||   496
       Morningstar       |       |       |   133 |   731 |  1009 |  1374 |  1342 |  1659 |  2312 ||  8560
       Demon whip        |       |       |       |       |       |   142 |   440 |   197 |       ||   779
       Lance             |       |       |       |       |       |       |       |       |  1962 ||  1962
       Trishula          |       |       |       |       |       |       |       |       |   750 ||   750
       Peck              |       |       |       |       |       |       |       |       |   241 ||   241
 Fire: Hand crossbow     |       |       |       |       |       |     3 |    14 |   140 |   116 ||   273
Throw: Dart              |       |       |       |     2 |       |     5 |       |       |       ||     7
Invok: Heroism           |       |       |       |       |     3 |    10 |    12 |     3 |     9 ||    37
       Finesse           |       |       |       |       |     1 |     9 |    11 |     5 |    11 ||    37
       Recite            |       |       |       |       |       |       |       |       |     5 ||     5
       Donate Gold       |       |       |       |       |       |       |       |       |     3 ||     3
       Vitalisation      |       |       |       |       |       |       |       |       |     2 ||     2
       Sanctuary         |       |       |       |       |       |       |       |       |     1 ||     1
 Abil: Evoke Flight      |       |       |     2 |     3 |       |       |       |       |       ||     5
       Fly               |       |       |       |       |       |     1 |     1 |       |     4 ||     6
       Stop Flying       |       |       |       |       |       |     1 |     1 |       |     3 ||     5
Evoke: Wand              |       |       |       |     3 |       |     1 |       |       |     4 ||     8
       Condenser vane    |       |       |       |       |       |       |       |     1 |     1 ||     2
       Phial of floods   |       |       |       |       |       |       |       |       |     1 ||     1
  Use: Potion            |     1 |     1 |     2 |     1 |     2 |       |     1 |     1 |    66 ||    75
       Scroll            |       |       |       |    22 |    15 |    14 |     7 |    14 |    40 ||   112
 Stab: Confused          |       |       |       |       |     2 |       |       |       |       ||     2
       Sleeping          |       |       |       |       |     1 |       |       |       |       ||     1
Armor: Scale mail        |    93 |    97 |    54 |   212 |    40 |       |       |       |       ||   496
       Chain mail        |       |       |       |    24 |       |       |       |       |       ||    24
       Ring mail         |       |       |       |       |   300 |    77 |       |       |       ||   377
       Plate armour      |       |       |       |       |       |   456 |   649 |   565 |  1479 ||  3149
       Skin              |       |       |       |       |       |       |     3 |       |       ||     3
Dodge: Dodged            |    50 |    72 |    57 |   200 |   337 |   479 |   944 |   693 |  1420 ||  4252
       Repelled          |       |       |       |       |     1 |    23 |    57 |    37 |    33 ||   151
Block: Kite shield       |    87 |   105 |   132 |   442 |   543 |   812 |  1506 |  1446 |  2353 ||  7426
       Reflection        |       |       |       |       |       |       |       |    58 |   213 ||   271
       Tower shield      |       |       |       |       |       |       |       |       |  2655 ||  2655
